 Dungeon Crawl Stone Soup version 0.17-a0-1572-g7a1422d (webtiles) character file.

686 carl the Covert (level 7, -4/32 HPs)
             Began as a Spriggan Enchanter on July 25, 2015.
             Was a Believer of Makhleb.
             Slain by a gnoll
             ... wielding a +0 halberd
              (17 damage)
             ... on level 5 of the Dungeon.
             The game lasted 00:10:46 (4985 turns).

carl the Covert (Spriggan Enchanter)                Turns: 4985, Time: 00:10:47

Health: -4/32      AC:  3    Str:  4    XL:     7   Next: 35%
Magic:  12/15      EV: 19    Int: 19    God:    Makhleb [**....]
Gold:   109        SH:  0    Dex: 20    Spells: 3 memorised, 9 levels left

rFire  . . .     SeeInvis +     t - +0 short sword
rCold  . . .     Clarity  .     b - +1 robe
rNeg   . . .     SustAt   .     (shield restricted)
rPois  +         Gourm    .     (helmet restricted)
rElec  .         Spirit   .     (no cloak)
rCorr  .         Warding  .     (gloves unavailable)
rMut   .         Stasis   .     (boots unavailable)
MR     +....                    (no amulet)
Stlth  +++++.....               s - ring of poison resistance
                                f - +4 ring of dexterity

@: very quick, somewhat resistant to hostile enchantments, quite stealthy
A: unfitting armour, see invisible, herbivore 3, speed 3, slow metabolism 2
a: Minor Destruction, Renounce Religion


You were on level 5 of the Dungeon.
You worshipped Makhleb.
Makhleb was pleased with you.
You were not hungry.

You visited 1 branch of the dungeon, and saw 5 of its levels.

You collected 278 gold pieces.
You spent 169 gold pieces at shops.

Inventory:

Hand weapons
 a - a +1 dagger
 t - a +0 short sword (weapon)
Missiles
 B - 14 poisoned needles
Armour
 b - a +1 robe (worn)
Jewellery
 f - a +4 ring of dexterity (left hand)
 s - a ring of poison resistance (right hand)
Magical devices
 p - a wand of flame (30)
 z - a wand of digging (13)
 E - a wand of fire (13)
 F - a wand of disintegration (13)
Scrolls
 e - 2 scrolls of immolation {unknown}
 h - 4 scrolls of remove curse
 i - a scroll of amnesia {unknown}
 q - 6 scrolls of identify {unknown}
 r - a scroll of enchant weapon {unknown}
 w - a scroll of teleportation {unknown}
 x - a scroll of noise {unknown}
 y - a scroll of magic mapping {unknown}
 C - 2 scrolls of random uselessness {unknown}
Potions
 g - a potion of cancellation {unknown}
 j - a potion of berserk rage {unknown}
 k - 3 potions of curing {unknown}
 n - a potion of might {unknown}
 o - a potion of lignification {unknown}
 v - 2 potions of haste
 A - a potion of brilliance {unknown}
 D - 2 potions of poison {unknown}
Books
 c - a book of Maledictions

   Spells                             Type                      Level
   a - Corona                         Hexes                        1
   b - Ensorcelled Hibernation        Hexes/Ice                    2
   c - Confuse                        Hexes                        3
   d - Tukima's Dance                 Hexes                        3
   e - Dazzling Spray                 Conjuration/Hexes            3
 u - a book of Hinderance

   Spells                             Type                      Level
   a - Confusing Touch                Hexes                        2
   b - Confuse                        Hexes                        3
   c - Gell's Gravitas                Hexes/Translocation          3
   d - Petrify                        Transmutation/Earth          4
   e - Metabolic Englaciation         Hexes/Ice                    5
Comestibles
 d - 5 bread rations
 l - 9 fruits
 m - 2 royal jellies


   Skills:
 - Level 5.0 Short Blades
 - Level 3.0 Dodging
 - Level 10.0 Stealth
 * Level 4.7 Spellcasting
 - Level 3.6 Hexes


You had 9 spell levels left.
You knew the following spells:

 Your Spells              Type           Power        Failure   Level  Hunger
a - Corona                Hex            ###....      3%          1    None
b - Ensorcelled Hibernat  Hex/Ice        ##....       12%         2    #......
c - Confuse               Hex            ###.....     12%         3    ###....


Dungeon Overview and Level Annotations

Branches:
Dungeon (5/15)
 Temple: D:4-7

Altars:
Ashenzari
Cheibriados
Gozag
Kikubaaqudgha
Makhleb
Ru
Sif Muna
Vehumet
The Shining One

Shops:
D:4 *

Annotations:
D:3 exclusion: door


Innate Abilities, Weirdness & Mutations

You are tiny and cannot use many weapons and most armour.
You have supernaturally acute eyesight.
You are a herbivore.
You cover ground extremely quickly.
You need consume almost no food.


Message History

3 gnolls come into view.
The gnoll shouts! x2
The gnoll misses you.
You hit the gnoll.
The gnoll is lightly wounded.
The gnoll hits you with a club.
The gnoll hits you from afar with a halberd!
Casting: Ensorcelled Hibernation
Confirm with . or Enter, or press ? or * to list all spells.
Aiming: Ensorcelled Hibernation
Press: ? - help, Shift-Dir - straight line, f - gnoll
Aim: a gnoll, wielding a club (lightly wounded, chance to defeat MR: 50%)
The gnoll looks drowsy...
The helpless gnoll fails to defend itself.
You spit the gnoll like a pig!!!
You kill the gnoll!
Makhleb accepts your kill.
The gnoll hits you from afar with a halberd!
Ouch! That really hurt!
You die...

############
...ggg)@...##
.#########..############
####.#...$........
####..†......$.....##
#........#########.#.
#.##.##.## #.... #
#.##.# #.##. #.##.#
#.### #.##.# #.###


You could see 3 gnolls.

Vanquished Creatures
  A sky beast (D:5)
  An ogre (D:4)
  A scorpion (D:4)
  A giant frog zombie (D:3)
  A hound (D:4)
  A jelly (D:5)
  4 worker ants
  7 adders
  8 gnolls
  An adder zombie (D:5)
  An ooze (D:1)
  5 worms
  10 giant geckos
  2 orcs (D:3)
  5 giant cockroaches
  9 hobgoblins
  8 jackals
  3 quokkas
  A ball python (D:1)
  13 bats
  3 giant newts
  9 goblins
  10 kobolds
  2 quokka skeletons (D:4)
  9 rats
116 creatures vanquished.

Notes
Turn   | Place    | Note
--------------------------------------------------------------
     0 | D:1      | carl the Spriggan Enchanter began the quest for the Orb.
     0 | D:1      | Reached XP level 1. HP: 9/9 MP: 5/5
   487 | D:1      | Reached XP level 2. HP: 4/13 MP: 6/6
   491 | D:1      | Learned a level 2 spell: Ensorcelled Hibernation
   705 | D:1      | Reached skill level 5 in Stealth
  1149 | D:1      | Reached XP level 3. HP: 13/16 MP: 8/8
  1174 | D:1      | Learned a level 3 spell: Confuse
  1643 | D:2      | Reached skill level 6 in Stealth
  1682 | D:2      | Found an opulent altar of Gozag.
  1827 | D:2      | Found a burning altar of Makhleb.
  1833 | D:2      | Reached XP level 4. HP: 21/21 MP: 9/9
  1836 | D:2      | Became a worshipper of Makhleb the Destroyer
  1904 | D:2      | Found a shattered altar of Ashenzari.
  2395 | D:3      | Reached skill level 7 in Stealth
  2395 | D:3      | Reached XP level 5. HP: 22/24 MP: 6/10
  2450 | D:3      | Found a deep blue altar of Sif Muna.
  2510 | D:3      | Acquired Makhleb's first power
  3383 | D:4      | Noticed an ogre
  3385 | D:4      | Killed an ogre
  3385 | D:4      | Reached skill level 8 in Stealth
  3385 | D:4      | Reached XP level 6. HP: 28/28 MP: 11/11
  3411 | D:4      | Reached skill level 5 in Short Blades
  3479 | D:4      | Found Feczas's General Store.
  3482 | D:4      | Bought a scroll of remove curse for 39 gold pieces
  3482 | D:4      | Bought a potion of haste for 130 gold pieces
  3515 | D:4      | Found an ancient bone altar of Kikubaaqudgha.
  3534 | D:4      | Acquired Makhleb's second power
  3687 | D:4      | Reached skill level 9 in Stealth
  4440 | D:4      | Found a sacrificial altar of Ru.
  4440 | D:4      | Found a radiant altar of Vehumet.
  4492 | D:4      | Reached XP level 7. HP: 26/32 MP: 0/12
  4755 | D:5      | Entered Level 5 of the Dungeon
  4767 | D:5      | Reached skill level 10 in Stealth
  4769 | D:5      | Found a snail-covered altar of Cheibriados.
  4870 | D:5      | Found a glowing golden altar of the Shining One.
  4985 | D:5      | Slain by a gnoll

Vault maps used:
D:1:      matt_arrival_diagonals
D:2:      lemuel_crystal_altar, lemuel_round_altar, grunt_gozag_statues
D:3:      kennysheep_six_static_rooms, led_sif_book
D:4:      gammafunk_temple_overflow_wave, kiku_gazebo_pond_becter, serial_shops,
          kennysheep_mini_moat
D:5:      lemuel_crystal_altar, cheibriados_altar_1, first_bread

Action                   |  1- 3 |  4- 6 |  7- 9 || total
-------------------------+-------+-------+-------++-------
Melee: Dagger            |   140 |     7 |       ||   147
       Short sword       |       |   126 |    24 ||   150
 Cast: Ensorcelled Hiber |     5 |    30 |     4 ||    39
       Confuse           |       |     3 |       ||     3
 Stab: Distracted        |     4 |     2 |       ||     6
       Sleeping          |    18 |    38 |     8 ||    64
       Confused          |       |     2 |       ||     2
  Eat: Pizza             |       |     1 |       ||     1
       Fruit             |       |     2 |     1 ||     3
